 Dungeon Crawl Stone Soup version 0.31-a0-931-g7b59d4eb97 (webtiles) character file.

Game seed: 696236514209116112

23671 BinkBink the Spry (level 13, -6/84 HPs)
             Began as a Tengu Monk on Oct 19, 2023.
             Was an Initiate of Gozag.
             Mangled by an ice devil (13 damage)
             ... summoned by an orc high priest
             ... on level 2 of the Orcish Mines.
             The game lasted 00:39:46 (14869 turns).

BinkBink the Spry (Tengu Monk)                     Turns: 14869, Time: 00:39:47

Health: -6/84      AC: -5    Str: 12    XL:     13   Next: 8%
Magic:  0/19       EV: 26    Int: 11    God:    Gozag
Gold:   2158       SH: 10    Dex: 21    Spells: 12/12 levels left

rFire   . . .        x - +8 rapier (flame)
rCold   . . .        D - +0 kite shield
rNeg    + . .        F - +5 moon troll leather armour {Spirit, Regen++ MP+5}
rPois   .            (helmet restricted)
rElec   .            (no cloak)
rCorr   .            f - +2 pair of gloves
SInv    .            (boots unavailable)
Will    .....        (no amulet)
Stlth   ++           r - ring of positive energy
HPRegen 1.94/turn    (no ring)
MPRegen 0.16/turn

%: acrobat, guardian spirit
@: corroded, flying
A: beak, talons 3, evasive flight, acrobatic, screaming 1
a: Renounce Religion, Potion Petition, Call Merchant, Bribe Branch


You were on level 2 of the Orcish Mines.
You worshipped Gozag.
Gozag was most pleased with you.
You visited 3 branches of the dungeon, and saw 15 of its levels.
You also visited: Sewer and Bailey.

You collected 3586 gold pieces.
You spent 1428 gold pieces at shops.

Inventory:

Hand Weapons
 x - a +8 rapier of flaming (weapon)
 y - a +4 scimitar of flaming
Missiles
 A - 2 throwing nets (quivered)
Armour
 d - an orb of light
 f - a +2 pair of gloves (worn)
 D - a +0 kite shield (worn)
 F - the +5 moon troll leather armour (worn) {Spirit, Regen++ MP+5}
   (You bought it in a shop on level 1 of the Dungeon)

   MP+5:      It affects your magic capacity (+5).
   Regen++:   It increases your rate of health regeneration.
Jewellery
 r - a ring of positive energy (left hand)
Talismans
 q - a dragon-blood talisman
Wands
 e - a wand of paralysis (12)
 k - a wand of flame (10)
 B - a wand of acid (7)
 E - a wand of roots (12)
Scrolls
 b - a scroll of torment
 h - a scroll of fog
 i - 2 scrolls of amnesia
 j - 4 scrolls of vulnerability
 l - 4 scrolls of revelation
 n - 5 scrolls of teleportation
 o - a scroll of immolation
 C - a scroll of noise
 G - a scroll of identify
 I - a scroll of fear
Potions
 a - a potion of ambrosia
 c - a potion of magic
 g - 3 potions of mutation
 m - 7 potions of curing
 p - a potion of haste
 s - 3 potions of might
 t - a potion of cancellation {unknown}
 u - a potion of attraction {unknown}
 v - 3 potions of enlightenment
 w - a potion of degeneration {unknown}
 z - 4 potions of lignification


   Skills:
 + Level 11.2 Fighting
 + Level 12.2 Short Blades
 * Level 16.6 Dodging
 + Level 3.1 Shields


You had 12 spell levels left.
You didn't know any spells.
Your spell library contained the following spells:

 Spells                   Type           Power      Damage    Failure   Level
 Foxfire                  Conj/Fire      0%         2x1d4     87%         1
 Slow                     Hex            0%         N/A       87%         1
 Sting                    Tmut/Pois      0%         1d3       87%         1
 Poisonous Vapours        Pois/Air       0%         N/A       95%         2
 Static Discharge         Conj/Air       0%         2-2/arc   95%         2
 Confusing Touch          Hex            0%         N/A       99%         3
 Sigil of Binding         Hex            0%         N/A       99%         3
 Vampiric Draining        Necr           0%         2d6       99%         3
 Airstrike                Air            0%         2d(0-16)  100%        4
 Olgreb's Toxic Radiance  Pois           0%         N/A       100%        4
 Summon Lightning Spire   Summ/Air       0%         N/A       100%        4
 Alistair's Intoxication  Tmut/Pois      0%         N/A       100%        5
 Borgnjor's Vile Clutch   Necr/Erth      0%         N/A       100%        5
 Eringya's Noxious Bog    Tmut/Pois      0%         4d6       100%        6
 Plasma Beam              Fire/Air       0%         2x1d10    100%        6
 Starburst                Conj/Fire      0%         6d3       100%        6


Dungeon Overview and Level Annotations

Branches:
Dungeon (12/15)            Temple (1/1) D:5            Lair (0/5) D:9
    Orc (2/2) D:11            Elf (0/3) Orc:2         Sewer (visited)
 Bailey (visited)

Altars:
Ashenzari
Cheibriados
Dithmenos
Elyvilon
Fedhas
Gozag
Hepliaklqana
Kikubaaqudgha
Makhleb
Nemelex Xobeh
Okawaru
Qazlal
Ru
Sif Muna
Trog
Uskayaw
Vehumet
Wu Jian
Xom
Yredelemnul
Zin
The Shining One

Shops:
D:1 *   D:8 =   D:11 *   Orc:2 !

Annotations:
D:4 1 runed translucent door, Crazy Yiuf
D:12 Frances


Innate Abilities, Weirdness & Mutations

You have a beak for a mouth.
You have claws for feet.
Your magical flight helps you evade attacks. (EV +4)
You can magically evade attacks while moving or waiting.
You occasionally shout uncontrollably at your foes.


Message History

Your kick misses the orc high priest.
The orc high priest is severely wounded.
You block the rust devil's attack.
You barely miss the orc high priest. Your kick misses the orc high priest.
You peck the orc high priest, but do no damage.
The orc high priest is severely wounded.
The orc priest looks encouraged for a moment.
The orc high priest mumbles some strange prayers to Beogh.
The rust devil completely misses you.
You hit the orc high priest but do no damage.
You claw the orc high priest.
The orc high priest is severely wounded.
The orc priest calls down the wrath of Beogh upon you.
Beogh smites you! The orc high priest closely misses you.
The rust devil completely misses you.
You hit the orc high priest but do no damage.
You claw the orc high priest, but do no damage.
You peck the orc high priest, but do no damage.
The orc high priest is severely wounded.
The orc high priest mumbles some strange prayers to Beogh against you.
Pain shoots through your body! The orc priest barely misses you.
The rust devil closely misses you.
You hit the orc high priest but do no damage.
You peck the orc high priest, but do no damage.
The orc high priest is severely wounded.
The ice devil misses you.
The orc priest mumbles some strange prayers to Beogh against you.
Beogh smites you!
* * * LOW HITPOINT WARNING * * *
An orc wizard comes into view. It is wielding a +0 dagger.
The orc high priest hits you with a +0 scimitar!
* * * LOW HITPOINT WARNING * * *
The orc wizard shouts!
You hit the orc high priest. You burn the orc high priest.
You claw the orc high priest.
You peck the orc high priest, but do no damage.
The orc high priest is almost dead.
The rust devil barely misses you. The ice devil hits you!
You die...
Your body crumbles into a pile of gold.

.)...........#...........#
[[..............[[[.....#
.[..............[.......#.##
..................[..........
...............$....##.......
.........#.#.............#.##
.>.^....###.............#...#
............................#
.##.......<....o@........#..#
##.#...#.......4o4...........
#............................
...#...................#....##
.........o...................##
).##......................#.#.##
))#...#................#.#.....#
.................#........#.#o4##
..#....................#..oo33o.#


You could see an orc high priest, an ice devil (summoned), a rust devil
(summoned), an orc priest and an orc wizard.

Vanquished Creatures
  Azrael (D:12)
  A two-headed ogre (D:10)
  2 orc high priests (Orc:2)
  A soul eater (D:12)
  Nergalle (D:11)
  A sun demon (D:11)
  Pikel (D:8)
  2 orc sorcerers
  An ugly thing (D:12)
  An elephant (D:9)
  Maurice (D:8)
  5 gargoyles
  Jeremiah (D:8)
  2 kobold demonologists
  Psyche (D:8)
  2 ice devils (D:12)
  A red devil (D:12)
  A merfolk (D:12)
  A hellwing (D:11)
  6 trolls
  Sigmund (D:4)
  4 slime creatures (D:12)
  A vampire (Bailey)
  A wyvern (D:9)
  A wraith (D:11)
  2 fire elementals (D:12)
  11 yaks
  8 vampire mosquitoes
  An acid dragon (D:11)
  2 wargs
  5 hell hounds (D:12)
  An ice beast (D:8)
  A water moccasin (D:7)
  Pargi (Sewer)
  17 orc warriors
  A sky beast (D:8)
  4 black bears
  4 ogres
  A lemure (D:8)
  7 centaurs
  2 phantoms
  5 bullfrogs
  A kobold brigand (D:8)
  2 scorpions
  3 gnoll sergeants
  14 wights
  9 killer bees
  4 wolf zombies (Bailey)
  2 electric eels (D:12)
  8 vampire bats (Bailey)
  3 howler monkeys
  A quasit (D:12)
  5 jellies
  2 hounds
  13 orc priests
  An iguana (D:4)
  4 sleepcaps
  16 orc wizards
  22 gnolls
  20 orc zombies (Bailey)
  6 adders
  2 river rats (D:4)
  A white imp (D:8)
  2 worms (D:4)
  4 dart slugs
  61 orcs
  7 ball pythons
  18 bats
  3 endoplasms
  3 giant cockroaches
  5 goblins
  8 hobgoblins
  2 jackals (D:3)
  5 quokkas
  9 frilled lizards
  16 kobolds
  8 rats
  A spectral goblin (D:3)
405 creatures vanquished.

Vanquished Creatures (others)
  2 orcs (Orc:1)
2 creatures vanquished.

Grand Total: 407 creatures vanquished

Notes
Turn   | Place    | Note
-------+----------+-------------------------------------------
     0 | D:1      | BinkBink the Tengu Monk began the quest for the Orb.
     0 | D:1      | Reached XP level 1. HP: 14/14 MP: 2/2
    36 | D:1      | Reached XP level 2. HP: 19/19 MP: 3/3
   234 | D:1      | Found Xoamojau's Assorted Antiques.
   258 | D:1      | Reached skill level 4 in Dodging
   258 | D:1      | Reached XP level 3. HP: 23/23 MP: 4/4
   673 | D:2      | Reached XP level 4. HP: 28/28 MP: 5/5
  1465 | D:3      | Reached XP level 5. HP: 33/33 MP: 6/6
  1587 | D:3      | Found a faded altar of an unknown god.
  2102 | D:4      | Reached skill level 5 in Dodging
  2140 | D:4      | Noticed a black bear
  2172 | D:3      | Killed a black bear
  2173 | D:3      | Reached XP level 6. HP: 21/38 MP: 7/7
  2287 | D:4      | Reached skill level 6 in Dodging
  2367 | D:4      | Reached skill level 5 in Short Blades
  2410 | D:4      | Noticed Sigmund
  2439 | D:4      | Killed Sigmund
  2440 | D:4      | Gained mutation: Your magical flight helps you evade
                  | attacks. (EV +4) [Tengu growth]
  2440 | D:4      | Reached XP level 7. HP: 14/44 MP: 8/8
  2627 | D:4      | Reached skill level 7 in Dodging
  2642 | D:4      | Found a glowing drain.
  2655 | Sewer    | Entered a sewer
  2699 | Sewer    | Noticed Pargi
  2721 | Sewer    | Killed Pargi
  2722 | Sewer    | Reached skill level 5 in Fighting
  3336 | D:4      | Found a runed translucent door.
  3337 | D:4      | Noticed Crazy Yiuf
  3380 | D:5      | Entered Level 5 of the Dungeon
  3449 | D:5      | Found a staircase to the Ecumenical Temple.
  3455 | Temple   | Entered the Ecumenical Temple
  3539 | Temple   | Became a worshipper of Gozag Ym Sagoz the Greedy
  3570 | D:5      | Reached XP level 8. HP: 44/49 MP: 9/9
  3998 | D:5      | Reached skill level 8 in Dodging
  4619 | D:6      | Reached skill level 9 in Dodging
  4955 | D:6      | Reached XP level 9. HP: 55/55 MP: 10/10
  5236 | D:6      | Reached skill level 10 in Dodging
  5699 | D:6      | Found a sacrificial altar of Ru.
  5966 | D:7      | Noticed a troll
  5977 | D:7      | Killed a troll
  5978 | D:7      | Reached skill level 11 in Dodging
  5978 | D:7      | Reached XP level 10. HP: 51/63 MP: 11/11
  6141 | D:7      | Noticed a five-headed hydra
  6276 | D:7      | Found the +1 robe of Vines {NoPotionHeal Regen++++}
  7359 | D:8      | Reached skill level 12 in Dodging
  7366 | D:8      | Found Cunomnid's Jewellery Shoppe.
  7585 | D:8      | Noticed Psyche
  7599 | D:8      | Killed Psyche
  7652 | D:8      | Found a flagged portal.
  7661 | Bailey   | Entered a bailey
  7897 | Bailey   | Noticed a gargoyle
  7996 | Bailey   | Killed a gargoyle
  8561 | D:8      | Noticed Jeremiah
  8630 | D:8      | Killed Jeremiah
  8631 | D:8      | Reached skill level 13 in Dodging
  8631 | D:8      | Reached XP level 11. HP: 37/69 MP: 4/12
  8735 | D:8      | Noticed Pikel
  8751 | D:8      | Killed Pikel
  8860 | D:8      | Noticed Maurice
  8867 | D:8      | Maurice stole a +4 vampiric glaive
  8868 | D:8      | Killed Maurice
  9090 | D:1      | Bought the +5 moon troll leather armour {Spirit, Regen++
                  | MP+5} for 1428 gold pieces
  9090 | D:1      | Found the +5 moon troll leather armour {Spirit, Regen++
                  | MP+5}
  9674 | D:9      | Reached skill level 10 in Short Blades
  9805 | D:9      | Found a staircase to the Lair.
  9806 | D:9      | Noticed a death yak
  9986 | D:9      | Paralysed by a centaur for 3 turns
 10314 | D:10     | Entered Level 10 of the Dungeon
 10315 | D:10     | Noticed a two-headed ogre
 10321 | D:10     | Killed a two-headed ogre
 10468 | D:10     | Reached skill level 14 in Dodging
 10608 | D:10     | Gained mutation: You occasionally shout uncontrollably at
                  | your foes. [a neqoxec]
 10648 | D:10     | Identified the +8 morningstar "Odinajuf" {freeze, Fragile
                  | rN+ rCorr Str+2 Dex+4}
 10992 | D:11     | Noticed Nergalle
 11124 | D:11     | Killed Nergalle
 11357 | D:11     | Found a staircase to the Orcish Mines.
 11445 | D:11     | Reached skill level 10 in Fighting
 11661 | D:11     | Reached XP level 12. HP: 75/77 MP: 3/13
 11714 | D:11     | Reached skill level 15 in Dodging
 11806 | D:11     | Found Aintoak's Alliterative Armaments.
 12023 | D:12     | Noticed a sun demon
 12052 | D:11     | Killed a sun demon
 12365 | D:12     | Noticed Azrael
 12412 | D:12     | Killed Azrael
 13064 | D:12     | Noticed a sun demon
 13065 | D:12     | Noticed a soul eater
 13266 | D:12     | Killed a soul eater
 13267 | D:12     | Reached skill level 1 in Shields
 13310 | D:12     | Noticed Frances
 13343 | D:12     | Reached skill level 16 in Dodging
 13378 | D:12     | Noticed a sun demon
 13496 | Orc:1    | Entered Level 1 of the Orcish Mines
 13598 | Orc:1    | Noticed a sun demon
 13858 | Orc:2    | Entered Level 2 of the Orcish Mines
 13860 | Orc:2    | Found a staircase to the Elven Halls.
 14193 | Orc:2    | Noticed an orc high priest
 14219 | Orc:2    | HP: 3/80 [sixfirhy[an orc high priest] (10)]
 14220 | Orc:2    | Found Iheicwu's Distillery.
 14220 | Orc:2    | Noticed an orc high priest
 14367 | Orc:2    | Noticed an orc high priest
 14378 | Orc:2    | Killed an orc high priest
 14403 | Orc:2    | Reached XP level 13. HP: 84/84 MP: 14/14
 14869 | Orc:2    | Mangled by an ice devil

Illustrated notes

Levels and vault maps discovered:
D:1:      amcnicky_arrival_double_pillar, layout_rooms, serial_shops, shop,
          amcnicky_mini_rare_corridor_liquid, minmay_misc_feat_tower
D:2:      layout_loops_corners
D:3:      layout_loops_ring, dreamdust_ecumenical_altar_drowned_temple
D:4:      nicolae_cairo_tiling, layout_loops_cross, gup_sewer_entry_bubbles,
          uniq_crazy_yiuf_cottage, uniq_sigmund
D:5:      layout_loops_cross, minmay_temple_entry_gardened_gates,
          minmay_misc_feat_x
D:6:      layout_loops_ring, nicolae_ru_the_path_less_chosen
D:7:      layout_loops_ring, hellmonk_guarded_unrand_vines
D:8:      layout_gridville, serial_shops, nicolae_shop_just_a_little_nook,
          enter_bailey_2, st_stairs_1, uniq_pikel, uniq_maurice, uniq_psyche,
          uniq_jeremiah
D:9:      layout_rooms, david_lair_generic, minmay_misc_feat_square,
          supply_closet_lemuel
D:10:     layout_rooms
D:11:     nicolae_cairo_tiling_large_dashed, layout_cave_pods,
          monkooky_shop_alliterative, uniq_nergalle
D:12:     layout_irregular_city, serial_demonic, serial_demonic_d,
          serial_demonic_a, serial_demonic_b, serial_demonic_c,
          serial_demonic_g, serial_demonic_f, serial_demonic_f,
          serial_demonic_f, serial_demonic_f, serial_demonic_b,
          nicolae_trove_entry_path_of_doom, hangedman_fish_farm, uniq_fannar,
          uniq_frances, uniq_azrael
Temple:   roderic_octagonal_lattice_temple
Orc:1:    layout_caves
Orc:2:    st_orc_mages, layout_caves, basic_altar, guppyfry_library_mini

Skill      XL: |  1  2  3  4  5  6  7  8  9 10 11 12 13 |
---------------+----------------------------------------+-----
Dodging        | 4 5 6 7 9 11 13 14 16 | 16.6
Short Blades   | 4 5 6 8 9 11 12 | 12.2
Fighting       | 4 5 6 7 8 10 11 | 11.2
Shields        | 2 3 |  3.1

Action                     |  1- 3 |  4- 6 |  7- 9 | 10-12 | 13-15 || total
---------------------------+-------+-------+-------+-------+-------++-------
  Melee: Short sword       |    69 |   151 |   394 |   277 |       ||   891
         Kick              |    19 |    58 |   196 |   491 |    33 ||   797
         Peck              |     7 |    29 |   140 |   338 |    26 ||   540
         Dagger            |       |       |    12 |    69 |       ||    81
         Rapier            |       |       |       |   768 |    71 ||   839
  Throw: Throwing net      |       |       |       |     1 |       ||     1
    Use: Potion            |       |     1 |     1 |    15 |       ||    17
         Scroll            |       |       |       |    26 |       ||    26
   Stab: Held in net/web   |       |       |       |     3 |       ||     3
         Distracted        |       |       |       |     8 |       ||     8
         Sleeping          |       |       |       |     1 |       ||     1
 Armour: Robe              |    10 |    50 |    89 |    83 |       ||   232
         Troll leather arm |       |       |       |   195 |    19 ||   214
  Dodge: Dodged            |    68 |   102 |   319 |   949 |    57 ||  1495
  Block: Kite shield       |       |       |       |   130 |    26 ||   156

Table legend: (Time is in decaauts)
 A = Elapsed time spent in this place.
 B = Non-inter-level travel time spent in this place.
 C = Inter-level travel time spent in this place.
 D = Time resting spent in this place.
 E = Time spent auto-exploring this place.
 F = Levels seen in this place.
 G = Mean time per level.
                   A        B        C        D        E       F      G
               +--------+--------+--------+--------+--------+-----+--------+
         Total |  14264 |  13453 |    811 |   2100 |   7627 |  17 |  839.1 |
       Dungeon |  12061 |  11381 |    680 |   1760 |   6725 |  12 | 1005.1 |
        Temple |    102 |      1 |    101 |      0 |      0 |   1 |  102.0 |
  Orcish Mines |   1303 |   1274 |     29 |    206 |    637 |   2 |  651.5 |
         Sewer |    113 |    113 |      0 |      0 |     43 |   1 |  113.0 |
        Bailey |    682 |    682 |      0 |    133 |    222 |   1 |  682.0 |
               +--------+--------+--------+--------+--------+-----+--------+

Top non-repeatable levels by time:
     D:6: 1581 daAuts
     D:7: 1442 daAuts
    D:12: 1167 daAuts
     D:8: 1154 daAuts
     D:4: 1147 daAuts
    D:11: 1131 daAuts
     D:3: 874 daAuts
     D:5: 829 daAuts
     D:2: 811 daAuts
    D:10: 740 daAuts
   Orc:2: 683 daAuts
  Bailey: 682 daAuts
   Orc:1: 619 daAuts
     D:1: 606 daAuts
     D:9: 575 daAuts
